Map: Crimson Court LE

Players

bluesamourai - Winner!

  • Race: Terran Terran
  • League: Bronze
  • Spawn Location: 7:00

Kash

  • Race: Terran Terran
  • League: Bronze
  • Spawn Location: 1:00

VOD

Have the link to the VOD?

Description

Time

  • Played on: April 4, 2024, 6:18 p.m.
  • Length: 16:51
Show
View Real Time Build Order
Export as new Build Order

bluesamourai Terran - Winner!

Build Orders:  

Get SALT Encoding   

  12  0:00  SCV  
  13  0:12  SCV  
  14  0:25  SCV  
  14  0:27  Supply Depot  
  15  0:31  Refinery  
  15  0:48  SCV  
  16  0:50  Barracks  
  16  1:00  SCV  
  17  1:13  SCV  
  18  1:19  Engineering Bay  
  18  1:24  Refinery  
  18  1:25  SCV  
  19  1:37  SCV  
  20  1:41  Barracks Tech Lab  
  20  1:44  Barracks  
  20  1:49  SCV  
  21  2:05  Marauder  
  21  2:06  Supply Depot  
  23  2:22  Orbital Command  
  23  2:30  Concussive Shells  
  23  2:33  Factory  
  23  2:47  Reaper  
  24  3:04  Barracks Reactor  
  24  3:05  Command Center  
  24  3:10  SCV  
  25  3:22  SCV  
  25  3:26  Factory Tech Lab  
  25  3:27  Supply Depot  
  28  3:34  Marauder  
  28  3:40  Marine x2  
  32  3:55  Marauder  
  31  4:14  SCV  
  32  4:17  Marine x2  
  32  4:19  Siege Tank  
  32  4:20  SCV  
  32  4:23  Refinery  
  38  4:32  SCV  
  38  4:35  Marine, Starport  
  38  4:36  SCV  
  41  4:44  SCV  
  42  4:46  Refinery  
  42  4:48  SCV  
  43  4:57  Armory, SCV  
  44  5:00  SCV  
  44  5:06  Marauder  
  47  5:09  Combat Shield, SCV  
  47  5:11  Marine  
  47  5:12  SCV  
  50  5:14  Marine  
  51  5:27  Marauder  
  53  5:28  Supply Depot  
  53  5:35  Starport Reactor  
  53  5:45  Supply Depot  
  53  5:48  Terran Vehicle Weapons Level 1  
  53  5:50  Siege Tank, Marauder  
  58  6:04  Factory  
  58  6:29  Viking x2  
  62  6:46  Command Center  
  51  7:30  Viking  
  51  7:31  Viking  
  51  7:36  SCV  
  56  7:40  SCV  
  57  7:48  SCV  
  58  7:53  SCV  
  57  8:00  SCV  
  57  8:05  SCV  
  49  8:13  Viking x2, SCV  
  49  8:18  Smart Servos  
  54  8:21  Factory Reactor  
  54  8:24  SCV  
  55  8:28  Refinery  
  55  8:32  Marauder  
  57  8:35  Refinery  
  57  8:36  SCV  
  58  8:43  Viking x2, Starport  
  58  8:47  Orbital Command  
  58  8:48  SCV  
  63  8:54  Marauder  
  65  9:00  Hellbat  
  67  9:13  Viking x2  
  67  9:15  Marauder  
  67  9:16  Fusion Core  
  73  9:27  Starport Tech Lab  
  73  9:37  Marauder  
  75  9:40  SCV  
  75  9:43  SCV  
  77  9:52  SCV  
  78  9:55  SCV  
  75  10:04  SCV  
  76  10:17  SCV  
  67  10:40  Viking  
  67  10:41  Viking  
  63  10:43  Battlecruiser  
  63  10:48  Weapon Refit  
  65  10:50  Infernal Pre-Igniter  
  65  10:53  Hellbat x2  
  66  11:10  Viking  
  66  11:11  Viking  
  64  11:14  Hellbat x2  
  64  11:15  SCV  
  68  11:26  Thor  
  68  11:27  SCV  
  75  11:39  Marine x2  
  78  11:40  Viking x2, SCV  
  78  11:42  SCV  
  83  11:48  Battlecruiser  
  83  11:52  SCV  
  91  11:54  SCV  
  91  11:56  Terran Vehicle And Ship Armor Level 1  
  91  11:57  Marine x2  
  91  12:01  Armory  
  93  12:26  Supply Depot  
  93  12:29  Supply Depot  
  93  12:46  Orbital Command  
  93  12:47  Viking x2, SCV, Marine x2  
  93  12:49  Supply Depot  
  93  12:50  Siege Tank  
  103  13:05  Marine x2  
  105  13:07  Supply Depot  
  105  13:14  Supply Depot  
  105  13:17  Viking x2  
  109  13:22  Siege Tank  
  112  13:54  Siege Tank  
  115  14:26  Siege Tank  
  108  14:59  Siege Tank  
  85  15:19  Viking x2  
  87  15:22  Battlecruiser  
  93  15:49  Viking x2  
  97  16:19  Viking x2  
Show
View Real Time Build Order
Export as new Build Order

Kash Terran 

Build Orders:  

Get SALT Encoding   

  12  0:03  SCV  
  13  0:23  Supply Depot  
  13  0:30  SCV  
  14  0:42  SCV  
  15  0:49  Barracks  
  15  0:54  SCV  
  16  1:06  SCV  
  17  1:25  Command Center, Refinery  
  17  1:29  Refinery  
  17  1:42  Refinery  
  17  1:51  Engineering Bay  
  17  2:02  Orbital Command  
  17  2:14  Barracks Tech Lab  
  17  2:31  Factory  
  17  2:34  Marine  
  18  2:39  Refinery  
  18  2:50  Orbital Command  
  18  2:56  SCV  
  19  3:17  SCV  
  20  3:24  Factory Tech Lab  
  20  3:29  SCV  
  20  3:30  Marine  
  22  3:42  SCV  
  22  3:46  Siege Tank  
  22  3:47  Starport  
  22  3:48  Marine  
  27  3:54  SCV  
  27  4:06  SCV  
  28  4:18  Siege Tank  
  31  4:32  Starport Tech Lab  
  31  4:37  SCV  
  32  4:48  SCV  
  32  4:49  SCV  
  34  5:00  SCV  
  34  5:01  SCV  
  36  5:09  Cloaking Field  
  36  5:12  SCV  
  36  5:14  SCV  
  38  5:22  Supply Depot  
  38  5:24  Missile Turret  
  38  5:26  Supply Depot  
  38  5:29  Supply Depot  
  38  5:32  Supply Depot  
  38  5:36  Missile Turret  
  38  5:43  Banshee  
  38  5:44  SCV x2  
  38  5:48  Supply Depot  
  43  5:50  Missile Turret  
  43  5:53  Missile Turret  
  43  5:56  SCV  
  44  5:58  Supply Depot  
  44  6:11  Armory  
  44  6:26  Banshee  
  44  6:28  Ghost Academy  
  47  6:47  Hi-Sec Auto Tracking  
  40  7:02  Fusion Core  
  39  7:09  Banshee  
  39  7:28  SCV  
  40  7:40  SCV  
  41  7:44  Terran Infantry Weapons Level 1  
  41  7:52  Banshee, SCV  
  42  8:04  SCV  
  42  8:14  Thor  
  42  8:16  SCV  
  49  8:28  Personal Cloaking  
  49  8:29  SCV  
  49  8:33  Terran Vehicle Weapons Level 1  
  50  8:35  Banshee  
  53  8:57  Thor  
  59  9:09  SCV  
  60  9:18  Battlecruiser  
  60  9:21  SCV  
  67  9:33  SCV  
  68  9:38  Terran Infantry Armor Level 1  
  68  9:40  Thor  
  68  9:45  SCV  
  75  9:54  Nuke  
  75  9:57  SCV  
  76  10:13  Starport  
  75  10:23  Thor  
  75  10:27  Terran Ship Weapons Level 1  
  74  11:06  Thor  
  74  11:19  Battlecruiser  
  80  11:39  Starport Tech Lab  
  80  11:48  Thor  
  86  11:58  Command Center  
  103  12:08  Weapon Refit  
  86  12:21  Terran Vehicle And Ship Armor Level 1  
  86  12:22  Missile Turret  
  86  12:25  Missile Turret  
  86  12:28  Missile Turret  
  86  12:32  Supply Depot  
  86  12:35  Supply Depot  
  86  12:37  Supply Depot  
  86  12:39  Supply Depot  
  86  12:54  Battlecruiser  
  92  13:15  Refinery  
  92  13:18  Orbital Command, Refinery  
  92  13:27  Neosteel Armor  
  92  13:33  Battlecruiser  
  98  13:47  SCV  
  99  13:58  Battlecruiser  
  99  14:00  SCV  
  106  14:12  SCV  
  106  14:15  Missile Turret  
  106  14:16  Missile Turret  
  106  14:17  Missile Turret  
  107  14:20  Missile Turret  
  107  14:24  SCV  
  105  14:27  Missile Turret  
  100  14:36  SCV  
  32  16:15  Barracks  
  32  16:22  Engineering Bay  
Tags
 
Matchup
TvT
Race
Terran
Spawn Locations
Cross Positions
Add a new tag
Caveats
  • Supply blocks, unpowered buildings, or Contaminate may cause inaccurate times.
  • Supply counts are checked every 10 seconds.